 Dungeon Crawl Stone Soup version 0.31-a0-702-gf82c85558f (webtiles) character file.

Game seed: 14119963952984232767

120 qw the Shooter (level 5, -23/32 HPs)
             Began as a Gargoyle Hunter on Sept 7, 2023.
             Annihilated by an ogre
             ... wielding a +0 giant club
              (25 damage)
             ... on level 4 of the Dungeon.
             The game lasted 00:00:49 (2313 turns).

qw the Shooter (Gargoyle Hunter)                    Turns: 2313, Time: 00:00:50

Health: -23/32     AC: 11    Str: 14    XL:     5   Next: 4%
Magic:  5/5        EV: 11    Int: 10    God:
Gold:   136        SH:  0    Dex: 15    Spells: 4/4 levels left

rFire   . . .        Y - +0 shortbow
rCold   . . .        (shield currently unavailable)
rNeg    + . .        e - +3 leather armour
rPois   inf          (no helmet)
rElec   +            (no cloak)
rCorr   .            c - +0 pair of gloves
SInv    .            (no boots)
Will    .....        g - amulet of faith
Stlth   ++           (no ring)
HPRegen 0.25/turn    (no ring)
MPRegen 0.09/turn

%: faith
@: no status effects
A: sickness immunity, AC +4, negative energy resistance 1, electricity
resistance, torment resistance 1, petrification resistance
a: no special abilities


You were on level 4 of the Dungeon.
You visited 1 branch of the dungeon, and saw 4 of its levels.

You collected 136 gold pieces.


Innate Abilities, Weirdness & Mutations

You are immune to sickness and miasma.
Your stone body is resilient. (AC +4)
You are immune to poison.
You resist negative energy. (rN+)
You are resistant to electric shocks. (rElec)
You are resistant to unholy torment.
You are immune to petrification.


   Skills:
 - Level 3.4 Fighting
 + Level 5.6 Ranged Weapons
 - Level 1.5 Dodging
 - Level 1.1 Stealth


You had 4 spell levels left.
You didn't know any spells.
Your spell library was empty.

Inventory:

Hand Weapons
 Y - a +0 shortbow (weapon)
Armour
 c - a +0 pair of gloves (worn)
 e - a +3 leather armour (worn)
Jewellery
 g - an amulet of faith (around neck)
Potions
 b - a potion of lignification {unknown}
 d - a potion of enlightenment {unknown}

Dungeon Overview and Level Annotations

Branches:
Dungeon (4/15)
 Temple: D:4-7

Altars:
Dithmenos
Fedhas


Message History

You finish putting on your amulet of faith.
You feel a strange surge of divine interest.
g - an amulet of faith (around neck) Done exploring.
2284 ||| DROPPING ring of magical power.
You drop a ring of magical power.
Done exploring.
2285 ||| READING scroll labelled JEUBLI ECOQU.
As you read the scroll labelled JEUBLI ECOQU, it crumbles to dust.
You hear a loud clanging noise!
It was a scroll of noise.
Done exploring.
2286 ||| READING scroll labelled WUSTUV VOOM.
As you read the scroll labelled WUSTUV VOOM, it crumbles to dust.
You feel strangely unstable.
It was a scroll of teleportation.
You start waiting.
Your surroundings suddenly seem different.
Done exploring.
2291 ||| READING scroll labelled VETZIDWECIE.
As you read the scroll labelled VETZIDWECIE, it crumbles to dust.
It is a scroll of identify.
Done exploring.
What level of the Dungeon? (default 3, ? - help)
There is an open door here.
There is a stone staircase leading down here.
You climb downwards.
The ogre shouts!
Found a book of Death.
There is a stone staircase leading up here.
An ogre is nearby!
Waypoint 3 assigned to D:4.
You shoot an arrow. The arrow hits the ogre.
The ogre is lightly wounded.
You shoot an arrow. The arrow hits the ogre.
The ogre is moderately wounded.
The ogre hits you with a +0 giant club!!
Ouch! That really hurt!
You shoot an arrow. The arrow barely misses the ogre.
The ogre hits you with a +0 giant club!!
Ouch! That really hurt!
You die...

.. .# ## #
.... .#
#.#.##.#
####....#.#
.......^..#
#..:.O..#
#....@..#
#.......#
##....###
#....#
#.#### #. #


You could see an ogre.

Vanquished Creatures
  Natasha (twice) (D:2)
  4 dart slugs
  6 endoplasms
  9 giant cockroaches
  9 goblins
  2 hobgoblins (D:1)
  A quokka (D:1)
  4 ball pythons
  5 bats
  5 frilled lizards
  7 kobolds
  5 rats
59 creatures vanquished.

Notes
Turn   | Place    | Note
-------+----------+-------------------------------------------
     0 | D:1      | qw the Gargoyle Hunter began the quest for the Orb.
     0 | D:1      | Reached XP level 1. HP: 12/12 MP: 1/1
     0 | D:1      | 0 ||| qw: Version: 0.3-a-76-g4403597
     0 | D:1      | 0 ||| qw: Game counter: 882
     0 | D:1      | 0 ||| qw: Melee chars always use a shield: true
     0 | D:1      | 0 ||| qw: God list: Okawaru
     0 | D:1      | 0 ||| qw: Allow faded altars: false
     0 | D:1      | 0 ||| qw: Do Orc after clearing Dungeon:15 true
     0 | D:1      | 0 ||| qw: Do second Lair branch before Depths: true
     0 | D:1      | 0 ||| qw: Lair rune preference: random
     0 | D:1      | 0 ||| qw: Goals: Normal
     0 | D:1      | 0 ||| PLANNING D:1-11
    66 | D:1      | Reached XP level 2. HP: 12/17 MP: 2/2
   430 | D:1      | Reached XP level 3. HP: 21/21 MP: 3/3
   462 | D:1      | Reached skill level 5 in Ranged Weapons
   603 | D:1      | 603 ||| UPGRADING to +3 leather armour.
   613 | D:1      | 613 ||| DROPPING +0 leather armour.
   614 | D:1      | 614 ||| READING scroll labelled REH ODDEIBEF.
   615 | D:1      | 615 ||| READING scroll labelled TODALO TOPH.
   616 | D:1      | 616 ||| DROPPING scroll of butterflies.
   820 | D:2      | Noticed Natasha
   829 | D:2      | Killed Natasha
   830 | D:2      | Reached skill level 3 in Fighting
   830 | D:2      | Reached XP level 4. HP: 28/28 MP: 4/4
  1029 | D:2      | Found a shadowy altar of Dithmenos.
  1224 | D:2      | Noticed Natasha
  1225 | D:2      | 1225 ||| FLEEEEING.
  1226 | D:2      | 1226 ||| FLEEEEING.
  1241 | D:2      | HP: 7/28 [Natasha/puff of flame (7)]
  1242 | D:2      | Killed Natasha
  1402 | D:2      | 1402 ||| UPGRADING to +0 pair of gloves.
  1407 | D:2      | 1407 ||| READING 2 scrolls labelled RULEFURAERCH.
  1408 | D:2      | 1408 ||| DROPPING scroll of blinking.
  1496 | D:3      | Found a faded altar of an unknown god.
  2036 | D:3      | Reached XP level 5. HP: 32/32 MP: 5/5
  2126 | D:3      | Found a blossoming altar of Fedhas.
  2279 | D:3      | 2279 ||| UPGRADING to amulet of faith.
  2284 | D:3      | 2284 ||| DROPPING ring of magical power.
  2285 | D:3      | 2285 ||| READING scroll labelled JEUBLI ECOQU.
  2286 | D:3      | 2286 ||| READING scroll labelled WUSTUV VOOM.
  2291 | D:3      | 2291 ||| READING scroll labelled VETZIDWECIE.
  2310 | D:4      | Noticed an ogre
  2312 | D:4      | HP: 1/32 [ogre/+0 giant club (31)]
  2313 | D:4      | Annihilated by an ogre

Levels and vault maps discovered:
D:1:      scummos_arrival_gate, layout_basic, minmay_worlds_worst_comb
D:2:      layout_loops_ring, basic_altar, uniq_natasha
D:3:      layout_loops_corners, mainiacjoe_overflow_surrounded_room,
          shapermc_ecumenical_altar_venn, wander_ebering_terrifying_dragon_lair
D:4:      minmay_spotlight, layout_loops_cross, serial_glass, glass_columns_b,
          glass_columns_a

Skill      XL: |  1  2  3 |
---------------+----------+-----
Ranged Weapons | 5 |  5.6
Fighting       | 3 |  3.4
Dodging        | |  1.5
Stealth        | |  1.1

Action                     |  1- 3 |  4- 6 || total
---------------------------+-------+-------++-------
   Fire: Shortbow          |   100 |    78 ||   178
    Use: Scroll            |     2 |     4 ||     6
 Armour: Leather armour    |    30 |    21 ||    51
  Dodge: Dodged            |    34 |    20 ||    54

Table legend:
 A = Non-vault XP
 B = Vault XP
 C = Vault XP percentage of total XP
 D = Non-vault monster count
 E = Vault monster count
 F = Vault count percentage of total count
                 A         B        C        D         E       F
            +---------+---------+-------+---------+---------+-------
      Total |     127 |      45 |  26.2 |      53 |       6 |  10.2
            +---------+---------+-------+---------+---------+-------
        D:1 |      42 |       8 |  16.0 |      23 |       4 |  14.8
        D:2 |      59 |      36 |  37.9 |      16 |       1 |   5.9
        D:3 |      26 |       1 |   3.7 |      14 |       1 |   6.7
            +---------+---------+-------+---------+---------+-------
